[Event "Titled Tuesday Blitz February 28 Early 2023"]
[White "Pakleza, Zbigniew"]
[Black "Sielecki, Christof"]
[WhiteFideId "1119290"]
[BlackFideId "4620437"]
[WhiteElo "2410"]
[BlackElo "2443"]
[Result "1/2-1/2"]
[Round "11"]
[TimeControl "180+2"]
[Date "2023.02.28"]
[WhiteClock "0:00:20"]
[BlackClock "0:00:18"]

1. d4 d5 2. Bf4 Nf6 3. e3 e6 4. Nd2 Bd6 5. Bg3 O-O 6. Ngf3 c5 7. c3 Qc7 8. Be2 Nbd7 9. c4 Bxg3 10. hxg3 dxc4 11. Nxc4 Nb6 12. Rc1 Nxc4 13. Bxc4 Qa5+ 14. Qd2 Qxd2+ 15. Kxd2 Rd8 16. Ke2 cxd4 17. Nxd4 Bd7 18. Rhd1 Rac8 19. Bb5 Rxc1 20. Rxc1 Rc8 21. Rd1 Be8 22. Bxe8 Nxe8 23. f4 Kf8 24. g4 Ke7 25. g5 Nd6 26. g4 a6 27. Rh1 Rh8 28. Kd3 f6 29. g6 h6 30. Rc1 Rc8 31. Rxc8 Nxc8 32. f5 exf5 33. Nxf5+ Kf8 34. Kd4 Ne7 35. Nd6 b6 36. a4 Nxg6 37. Nc4 b5 38. axb5 axb5 39. Na3 Ne5 40. Nxb5 Nxg4 41. b4 h5 42. Nd6 Ne5 43. b5 h4 44. Kd5 h3 45. Nf5 g5 46. Ng3 g4 47. b6 Ke7 48. b7 Nd7 49. Ke4 Ke6 50. Kf4 Kd6 51. Kxg4 Kc7 52. Kxh3 Kxb7 53. Kg4 Kc6 54. Kf5 Kd5 55. Nh5 Nc5 56. Nxf6+ Kc4 57. Kf4 Kd3 58. Ng4 Kc4 59. Ne5+ Kd5 60. Nf3 Ke6 61. Nd2 Kd5 62. Nf3 Ke6 63. Kg3 Kf5 64. Kf2 Ke4 65. Ke2 Kd5 66. Nd2 Ke6 67. Kd1 Kd5 68. Kc2 Ke5 69. Kc3 Ne4+ 70. Nxe4 Kxe4 71. Kd2 Ke5 72. Kd3 Kd5 73. e4+ Ke5 74. Ke3 Ke6 75. Kf4 Kf6 76. e5+ Ke6 77. Ke4 Ke7 78. Kd5 Kd7 79. e6+ Ke7 80. Ke5 Ke8 81. Kf6 Kf8 82. Kf5 Ke7 83. Ke5 Ke8 84. Kd6 Kd8 85. Kd5 Ke7 86. Ke5 1/2-1/2


[Site "https://www.chess.com"]

[Event "Titled Tuesday Blitz February 28 Early 2023"]
[White "benny_aizenberg"]
[Black "Costachi, Mihnea"]
[BlackFideId "1217518"]
[WhiteElo "2597"]
[BlackElo "2456"]
[Result "0-1"]
[Round "11"]
[TimeControl "180+2"]
[Date "2023.02.28"]
[WhiteClock "0:00:07"]
[BlackClock "0:01:17"]

1. e4 g6 2. d4 Bg7 3. Nc3 d6 4. f4 Nf6 5. Nf3 O-O 6. Bd3 c5 7. dxc5 dxc5 8. e5 Nd5 9. Nxd5 Qxd5 10. Qe2 Nc6 11. c3 Bg4 12. Be4 Qd7 13. O-O Bf5 14. Bxf5 Qxf5 15. Be3 b6 16. Rad1 Rfd8 17. Ng5 h6 18. g4 Qc8 19. Ne4 Qe6 20. b3 Na5 21. h3 Qc6 22. Bf2 c4 23. b4 Nb7 24. Bh4 Qe6 25. Nd2 Rd3 26. Kh2 Rad8 27. Ne4 g5 28. fxg5 Rxd1 29. Rxd1 Rxd1 30. Qxd1 Qxe5+ 31. Ng3 hxg5 32. Qd7 gxh4 0-1


[Site "https://www.chess.com"]

[Event "Titled Tuesday Blitz February 28 Early 2023"]
[White "Stijve, Theo"]
[Black "Aradhya, Garg"]
[WhiteFideId "1331132"]
[BlackFideId "25006746"]
[WhiteElo "2256"]
[BlackElo "2278"]
[Result "0-1"]
[Round "11"]
[TimeControl "180+2"]
[Date "2023.02.28"]
[WhiteClock "0:00:10"]
[BlackClock "0:00:49"]

1. e4 e5 2. Nf3 Nc6 3. Bb5 a6 4. Ba4 Nge7 5. Nc3 d6 6. Nd5 b5 7. Bb3 Na5 8. d4 Nxb3 9. axb3 Nxd5 10. exd5 e4 11. Qe2 Bf5 12. O-O Qe7 13. Nd2 g6 14. Rxa6 Rxa6 15. Qxb5+ Bd7 16. Qxa6 Bg7 17. Qa8+ Qd8 18. Qxd8+ Kxd8 19. Nxe4 Bf5 20. Bg5+ Kc8 21. Nd2 Bxc2 22. Rc1 Bf5 23. Bf4 Kd7 24. Nf3 Ra8 25. h3 Be4 26. Ng5 Bxd5 27. Nxh7 Bxb3 28. Ng5 Bxd4 29. Kh2 Ra2 30. Be3 Bxb2 31. Rb1 Be5+ 32. g3 Bd5 33. h4 c5 34. Nh3 c4 35. Nf4 Bc6 36. Rc1 c3 37. Nd3 Be4 38. Nxe5+ dxe5 39. Rxc3 Ra1 40. Rc1 Ra2 41. Rd1+ Ke6 42. g4 Bf3 43. Rc1 Bxg4 44. Kg3 Bf5 45. Rc6+ Kd5 46. Rc7 Be6 47. Rb7 Ra4 48. Rb5+ Kd6 49. Rb6+ Kc7 50. Rb2 Rg4+ 51. Kf3 e4+ 52. Ke2 Rxh4 53. Rd2 Bc4+ 54. Kd1 Bd3 55. Kc1 f5 56. Kb2 f4 57. Bd4 Kc6 58. f3 Kd5 59. Bf6 Rh3 60. fxe4+ Kxe4 61. Rf2 f3 62. Bg5 Rg3 63. Bd2 Rg2 64. Be1 Ke3 65. Rxg2 fxg2 66. Bb4 Kf2 67. Bc5+ Kf1 68. Kc3 Bf5 69. Kd2 g1=Q 70. Bxg1 Kxg1 71. Ke3 Kg2 72. Kf4 Kf2 73. Kg5 Kg3 74. Kf6 Kf4 0-1


[Site "https://www.chess.com"]

[Event "Titled Tuesday Blitz February 28 Early 2023"]
[White "Manukyan, Sargis V."]
[Black "Subelj, Jan"]
[WhiteFideId "13303465"]
[BlackFideId "14618583"]
[WhiteElo "2236"]
[BlackElo "2480"]
[Result "0-1"]
[Round "11"]
[TimeControl "180+2"]
[Date "2023.02.28"]
[WhiteClock "0:00:08"]
[BlackClock "0:01:15"]

1. Nf3 b6 2. c4 Bb7 3. Nc3 f5 4. Qc2 g6 5. e4 fxe4 6. Nxe4 Bg7 7. d4 Nf6 8. Bd3 O-O 9. O-O Nc6 10. a3 Nh5 11. d5 Nd4 12. Nxd4 Bxd4 13. Be3 Bxe3 14. fxe3 e6 15. Rxf8+ Qxf8 16. Rf1 Qe7 17. g4 Ng7 18. Nf6+ Kh8 19. Bxg6 Rf8 20. g5 exd5 21. Rf3 dxc4 22. Rh3 Rxf6 23. gxf6 Qxf6 24. Bxh7 Qg5+ 25. Rg3 Qd5 26. Kf2 Qh1 27. Qg6 Qxh2+ 28. Ke1 Qxh7 29. Qf7 Qb1+ 30. Kf2 Qxb2+ 31. Ke1 Qb1+ 32. Ke2 Qc2+ 33. Ke1 Qb1+ 34. Ke2 Qb2+ 35. Ke1 Bg2 36. Qf8+ Kh7 37. Qf4 Qb1+ 38. Ke2 Qd3+ 39. Ke1 Qf1+ 40. Qxf1 Bxf1 41. Kxf1 Nf5 42. Rh3+ Kg6 43. Ke2 d5 44. Kd2 Nd6 45. Rh8 c5 46. Ra8 Ne4+ 47. Kc2 d4 48. exd4 cxd4 49. Rxa7 d3+ 50. Kd1 c3 51. Rc7 Nf2+ 52. Kc1 d2+ 53. Kc2 d1=Q+ 54. Kxc3 Qc1+ 55. Kb4 Qxc7 56. Kb5 Qc5+ 57. Ka4 Qc4# 0-1


[Site "https://www.chess.com"]

[Event "Titled Tuesday Blitz February 28 Early 2023"]
[White "Rostomyan, Mikayel"]
[Black "Begunov, Konstantin"]
[WhiteFideId "13313754"]
[BlackFideId "4118510"]
[WhiteElo "2009"]
[BlackElo "2118"]
[Result "1-0"]
[Round "11"]
[TimeControl "180+2"]
[Date "2023.02.28"]
[WhiteClock "0:00:27"]
[BlackClock "0:00:16"]

1. d4 d5 2. Nf3 c6 3. c4 Nf6 4. Nc3 dxc4 5. a4 Bg4 6. e3 e5 7. dxe5 Qxd1+ 8. Nxd1 Bxf3 9. gxf3 Nfd7 10. f4 Bb4+ 11. Bd2 Bxd2+ 12. Kxd2 Nc5 13. Bxc4 a5 14. Kc2 Nba6 15. Bxa6 Nxa6 16. Nc3 Nb4+ 17. Kb3 Ke7 18. Rad1 Rhd8 19. Rxd8 Rxd8 20. Rd1 Nd3 21. f3 Ke6 22. Ne4 Rd5 23. Kc3 Nxf4 24. Rxd5 Nxd5+ 25. Kd4 b6 26. Ng5+ Ke7 27. Nxh7 f6 28. h4 Kf7 29. h5 Kg8 30. exf6 gxf6 31. e4 Kxh7 32. exd5 cxd5 33. Kxd5 Kh6 34. Ke6 Kg5 35. h6 Kxh6 36. Kxf6 1-0


[Site "https://www.chess.com"]

[Event "Titled Tuesday Blitz February 28 Early 2023"]
[White "Sasikiran, Krishnan"]
[Black "Domingo Nunez, Ruben"]
[WhiteFideId "5004985"]
[BlackFideId "22245570"]
[WhiteElo "2567"]
[BlackElo "2404"]
[Result "1-0"]
[Round "11"]
[TimeControl "180+2"]
[Date "2023.02.28"]
[WhiteClock "0:00:26"]
[BlackClock "0:00:04"]

1. d4 g6 2. e4 Bg7 3. Nc3 c6 4. f4 d5 5. e5 f6 6. Be2 Nh6 7. Nf3 O-O 8. O-O Bg4 9. Ne1 Bxe2 10. Nxe2 c5 11. c3 cxd4 12. cxd4 Nc6 13. Nf3 Qb6 14. Kh1 fxe5 15. dxe5 e6 16. h3 Nf5 17. Qb3 Qa6 18. Re1 Rac8 19. g4 Nfe7 20. Bd2 Na5 21. Bxa5 Qxa5 22. Qxb7 Rc7 23. Qb3 Qa6 24. Rad1 Rb7 25. Qa3 Qxa3 26. bxa3 Rb2 27. Nfd4 Kf7 28. Rb1 Rfb8 29. Rxb2 Rxb2 30. g5 Rxa2 31. Rc1 Bf8 32. Rc7 Rxa3 33. Kg2 a5 34. Ra7 Ra2 35. Kf3 a4 36. Nc3 Rh2 37. Kg3 Rd2 38. Ndb5 d4 39. Ne4 Rd3+ 40. Kg4 Kg7 41. Nbd6 a3 42. Nf6 a2 43. Rxa2 h5+ 44. gxh6+ Kxh6 45. Nf7+ Kg7 46. Ng5 Rd1 47. Nxe6+ Kf7 48. Ng5+ Kg7 49. Ra7 Rg1+ 50. Kf3 Rf1+ 51. Ke4 d3 52. Rd7 Re1+ 53. Kxd3 Rd1+ 54. Ke4 Rf1 55. Ne6+ Kf7 56. Ng5+ Kg7 57. Nd5 Re1+ 58. Kf3 Rd1 59. Rxe7+ Bxe7 60. Nxe7 Rd3+ 61. Kg4 Rd1 62. Nc6 Rg1+ 63. Kf3 Rf1+ 64. Ke4 Re1+ 65. Kd5 Rf1 66. Kd6 Kf8 67. e6 Rd1+ 68. Ke5 Kg7 69. e7 Re1+ 70. Kd6 Kf6 71. Kd7 Rd1+ 72. Kc8 Re1 73. Kd7 Rd1+ 74. Kc7 Re1 75. Nf3 Re3 76. Nfe5 1-0


[Site "https://www.chess.com"]

[Event "Titled Tuesday Blitz February 28 Early 2023"]
[White "Lagno, Kateryna"]
[Black "Skliarov, Viktor"]
[WhiteFideId "14109336"]
[BlackFideId "14106736"]
[WhiteElo "2508"]
[BlackElo "2284"]
[Result "1-0"]
[Round "11"]
[TimeControl "180+2"]
[Date "2023.02.28"]
[WhiteClock "0:00:28"]
[BlackClock "0:00:34"]

1. e4 c5 2. Nf3 Nc6 3. Bb5 e6 4. O-O Nge7 5. Re1 Nd4 6. Nxd4 cxd4 7. c3 a6 8. Bf1 Nc6 9. b4 Be7 10. Bb2 O-O 11. cxd4 d5 12. exd5 exd5 13. a3 Bf6 14. Nc3 Nxd4 15. Rc1 Bf5 16. Na4 b5 17. Nc5 Ne2+ 18. Qxe2 Bxb2 19. Rcd1 Bc2 20. d4 Bxd1 21. Rxd1 Bxa3 22. Nd3 a5 23. bxa5 Qxa5 24. Nf4 b4 25. Qg4 Qd8 26. Bd3 Rb8 27. Qh5 g6 28. Qh6 b3 29. Nh5 1-0


[Site "https://www.chess.com"]

[Event "Titled Tuesday Blitz February 28 Early 2023"]
[White "Jakubowski, Krzysztof"]
[Black "Hambleton, Aman"]
[WhiteFideId "1112848"]
[BlackFideId "2606577"]
[WhiteElo "2359"]
[BlackElo "2511"]
[Result "1/2-1/2"]
[Round "11"]
[TimeControl "180+2"]
[Date "2023.02.28"]
[WhiteClock "0:00:08"]
[BlackClock "0:00:03"]

1. e4 b6 2. d4 Bb7 3. Bd3 e6 4. Nf3 d5 5. exd5 Qxd5 6. O-O Nf6 7. Bf4 Bd6 8. Nc3 Qh5 9. Ne5 Qxd1 10. Raxd1 a6 11. Rfe1 Nbd7 12. Bg3 O-O 13. Nxd7 Nxd7 14. Be4 Bxe4 15. Nxe4 Bxg3 16. hxg3 c6 17. Rd3 Rfd8 18. g4 h6 19. Red1 Rac8 20. f3 Kf8 21. c4 Ke7 22. Kf2 Nf6 23. Nxf6 Kxf6 24. a4 b5 25. axb5 axb5 26. cxb5 cxb5 27. R1d2 Rd5 28. Ke3 Kg5 29. g3 Rc1 30. Rd1 Rc2 31. R1d2 Rxd2 32. Rxd2 f5 33. gxf5 Kxf5 34. Rc2 e5 35. dxe5 Rxe5+ 36. Kf2 h5 37. Rc7 g6 38. Rb7 Rc5 39. Ke3 g5 40. Rb8 Kg6 41. Ke4 Rc4+ 42. Ke5 Rb4 43. Rb6+ Kg7 44. Kf5 h4 45. Rg6+ Kf7 46. Rxg5 hxg3 47. Rxg3 Rxb2 48. f4 Ke7 49. Rh3 b4 50. Rh7+ Kd6 51. Kg6 Rg2+ 52. Kf6 Kc6 53. f5 b3 54. Rh8 Kc7 55. Rh7+ Kc6 56. Rh8 b2 57. Rb8 Kc7 58. Rb3 Kc6 59. Kf7 Kc5 60. f6 Rf2 61. Rb8 Kc4 62. Ke7 Kc3 63. f7 Re2+ 64. Kf6 Rf2+ 65. Kg7 Rg2+ 66. Kh7 Rh2+ 67. Kg7 Rg2+ 68. Kh7 Rf2 69. Kg7 Kc2 70. f8=Q Rxf8 71. Kxf8 Kc1 72. Rxb2 Kxb2 1/2-1/2


[Site "https://www.chess.com"]

[Event "Titled Tuesday Blitz February 28 Early 2023"]
[White "Gunduz, Umut Erdem"]
[Black "Nur, Shahidee Bin Saharan"]
[WhiteFideId "6381383"]
[BlackFideId "5810973"]
[WhiteElo "2182"]
[BlackElo "2737"]
[Result "1-0"]
[Round "11"]
[TimeControl "180+2"]
[Date "2023.02.28"]
[WhiteClock "0:01:05"]
[BlackClock "0:00:05"]

1. e4 e5 2. Nf3 d5 3. exd5 e4 4. Ne5 Bd6 5. d4 Nf6 6. c4 O-O 7. Nc3 Re8 8. Bf4 c5 9. dxc6 bxc6 10. Be2 Qa5 11. O-O c5 12. Nb5 Bf8 13. dxc5 Bxc5 14. a3 Rd8 15. Qc2 Bd4 16. b4 Qa6 17. Rad1 Bb6 18. c5 Nbd7 19. Nc7 Qb7 20. Nxa8 Qxa8 21. cxb6 axb6 22. Nxd7 Bxd7 23. Bg5 Qb8 24. Bxf6 gxf6 25. Qxe4 Re8 26. Qf3 Be6 27. Qg3+ Qxg3 28. hxg3 Kf8 29. Rfe1 Ra8 30. Rd3 Bc4 31. Re3 Be6 32. Bf3 Ra7 33. Rxe6 fxe6 34. Rxe6 Kf7 35. Rxb6 Rxa3 36. g4 Kg6 37. Kh2 Kg5 38. Kg3 Ra1 39. Rb5+ Kg6 40. Be4+ Kh6 41. Rb7 Kg5 42. f4+ Kh6 43. Rxh7# 1-0


[Site "https://www.chess.com"]

[Event "Titled Tuesday Blitz February 28 Early 2023"]
[White "Golubka, Petro"]
[Black "Poliakova, Varvara"]
[WhiteFideId "14114224"]
[BlackFideId "13518313"]
[WhiteElo "2404"]
[BlackElo "2075"]
[Result "0-1"]
[Round "11"]
[TimeControl "180+2"]
[Date "2023.02.28"]
[WhiteClock "0:02:47"]
[BlackClock "0:01:15"]

1. e3 f5 2. g4 fxg4 3. Qxg4 Nf6 4. Qg2 e5 5. c4 d5 6. cxd5 Qxd5 7. Nc3 Qxg2 8. Bxg2 c6 9. Nge2 Bd6 10. Ng3 O-O 11. b3 a5 12. Bb2 Na6 13. O-O Nb4 14. Nce4 Bc7 15. f4 Nxe4 16. Nxe4 exf4 17. Bd4 Nc2 18. Bc5 Nxa1 19. Bxf8 Kxf8 20. Rxa1 fxe3 21. dxe3 Be5 22. Rf1+ Ke7 23. Ng5 Be6 24. Nxe6 Kxe6 25. Bh3+ Ke7 26. Rf5 Bf6 27. Kg2 a4 28. Kf3 axb3 29. axb3 Ra3 30. Rh5 h6 31. Bf5 Rxb3 32. Bc2 Rb2 33. Bd3 b5 34. Be4 Kd6 35. h3 b4 36. Ra5 b3 37. Ra6 Rc2 38. h4 Rc3 39. Ke2 b2 40. Kd2 Rc4 41. Bf5 Rb4 42. Bb1 Rxh4 43. Kd3 Rb4 44. e4 h5 45. Kc2 h4 46. Kd3 h3 47. Ke3 h2 0-1


[Site "https://www.chess.com"]

[Event "Titled Tuesday Blitz February 28 Early 2023"]
[White "Vlassov, Nikolai"]
[Black "EREBUNI91"]
[WhiteFideId "4103360"]
[WhiteElo "2324"]
[BlackElo "2723"]
[Result "1-0"]
[Round "11"]
[TimeControl "180+2"]
[Date "2023.02.28"]
[WhiteClock "0:00:04"]
[BlackClock "0:00:02"]

1. e4 c6 2. d4 d5 3. e5 Bf5 4. Nf3 e6 5. Be2 Ne7 6. O-O c5 7. Be3 Nec6 8. c4 cxd4 9. Nxd4 Nxd4 10. Bxd4 Nc6 11. cxd5 Qxd5 12. Bc3 Qxd1 13. Rxd1 Bc5 14. Bf3 Ke7 15. Na3 Rhd8 16. Bxc6 bxc6 17. Nc4 Rd5 18. b4 Bb6 19. a4 Bc7 20. Nd6 Bc2 21. Rdc1 Bg6 22. b5 Bxd6 23. exd6+ Kxd6 24. Bxg7 cxb5 25. axb5 Rxb5 26. Rd1+ Rd5 27. Ra6+ Kc7 28. Rda1 Kb7 29. f3 Rb5 30. Bd4 Rb1+ 31. Kf2 Rxa1 32. Rxa1 a5 33. g4 Kc6 34. h4 a4 35. h5 Bd3 36. Ke3 Bc4 37. Bb2 Kb5 38. Ba3 Rd8 39. Kf4 Rd3 40. Ke4 Rb3 41. Be7 Bd5+ 42. Ke5 Rxf3 43. g5 Bb3 44. h6 Rf5+ 45. Kd6 Kb6 46. Bf6 Kb5 47. Ke7 Kb4 48. Kxf7 a3 49. Kg7 Bc2 50. Be7+ Kc4 51. Rxa3 Rd5 52. Bf6 Be4 53. Rc3+ Kb4 54. Rc7 Kb5 55. Kg8 Rc5 56. Rxh7 Rc8+ 57. Kf7 Bxh7 58. Kxe6 Rg8 59. Kf7 Kc6 60. Bg7 Rc8 61. g6 Rc7+ 62. Kf6 Bxg6 63. Kxg6 Rc8 64. h7 Kd6 65. Kf7 Rc7+ 66. Kf6 Rc8 67. Kf7 Kc6 68. Bf8 Rc7+ 69. Be7 Kd7 70. h8=Q Rc8 71. Qg7 Kc7 72. Qd4 Kb7 73. Qd6 Rc7 74. Qb4+ Kc8 75. Ke6 Rc6+ 76. Bd6 Rb6 77. Qc5+ Kb7 78. Qc7+ Ka6 79. Kd5 Kb5 80. Qd7+ Ka6 81. Bc7 Rb5+ 82. Kc4 Rb7 83. Qc6+ Ka7 84. Kc5 Ka8 85. Qa4+ Ra7 86. Qe8+ Kb7 87. Qc6+ Kc8 88. Bb6+ Rc7 89. Qxc7# 1-0


[Site "https://www.chess.com"]

[Event "Titled Tuesday Blitz February 28 Early 2023"]
[White "Shapiro, Viktor"]
[Black "Iskusnyh, Sergei"]
[WhiteFideId "4175700"]
[BlackFideId "4120027"]
[WhiteElo "2132"]
[BlackElo "2492"]
[Result "0-1"]
[Round "11"]
[TimeControl "180+2"]
[Date "2023.02.28"]
[WhiteClock "0:00:08"]
[BlackClock "0:00:39"]

1. c4 e5 2. Nc3 Bb4 3. g3 Bxc3 4. bxc3 d6 5. d3 Nc6 6. f4 exf4 7. Bxf4 Nge7 8. Bg2 O-O 9. Nf3 Ng6 10. Bg5 Nce7 11. O-O h6 12. Bd2 c5 13. Rb1 Rb8 14. Ne1 b6 15. Nc2 Bb7 16. Bxb7 Rxb7 17. e4 Ne5 18. Bf4 f5 19. exf5 Nxf5 20. Qh5 Nxd3 21. Rbd1 Nxf4 22. Rxf4 Rbf7 23. Rd5 Qd7 24. Qg4 Qe6 25. Re4 Qf6 26. Rf4 Qxc3 27. Rdxf5 Rxf5 28. Rxf5 Qxc2 29. Rxf8+ Kxf8 30. Qc8+ Kf7 31. Qd7+ Kg8 32. Qe6+ Kh7 33. Qxd6 Qb1+ 34. Kg2 Qxa2+ 35. Kh3 Qxc4 36. Qe7 Qd3 37. Qxa7 c4 38. Qxb6 c3 39. Qc6 Qf5+ 40. Kg2 c2 41. h3 Qd3 42. g4 Qe2+ 43. Kg3 Qe1+ 44. Kf3 Qd1+ 0-1


[Site "https://www.chess.com"]

[Event "Titled Tuesday Blitz February 28 Early 2023"]
[White "Ilinca Ilinca, Felix Antonio"]
[Black "Wagner, Dennis"]
[WhiteFideId "54764998"]
[BlackFideId "24650684"]
[WhiteElo "2031"]
[BlackElo "2470"]
[Result "1/2-1/2"]
[Round "11"]
[TimeControl "180+2"]
[Date "2023.02.28"]
[WhiteClock "0:00:56"]
[BlackClock "0:00:27"]

1. c4 c5 2. Nc3 Nf6 3. Nf3 Nc6 4. g3 d5 5. d4 e6 6. cxd5 exd5 7. Bg2 cxd4 8. Nxd4 Bc5 9. Nb3 Bb6 10. Nxd5 Be6 11. e4 Bg4 12. Bf3 Bxf3 13. Qxf3 Nxd5 14. exd5 Ne5 15. Qe4 O-O 16. O-O Re8 17. Bd2 Qf6 18. Kg2 Ng6 19. Qf3 Qxf3+ 20. Kxf3 Ne5+ 21. Kg2 Nd3 22. Bc3 Rad8 23. Rad1 Rxd5 24. Nc1 Red8 25. Nxd3 Rxd3 26. Rxd3 Rxd3 27. Re1 h5 28. Re8+ Kh7 29. Re7 Kg6 30. Rxb7 Rd5 31. h4 f6 32. Re7 Rd3 33. a4 Rd5 34. Re4 Kf5 35. Rc4 a5 36. Rc6 Bd4 37. Bxd4 Rxd4 38. Rc5+ Kg6 39. Rxa5 Rb4 40. Rb5 Rxa4 41. b3 Ra2 42. Kf3 Rb2 43. Ke3 Kh6 44. f3 g5 45. hxg5+ fxg5 46. Rb6+ Kg7 47. Ke4 h4 48. gxh4 gxh4 49. Rb5 h3 50. Rh5 h2 51. Kf4 Kg6 52. Rh4 Rxb3 53. Rxh2 Rb4+ 54. Ke5 Rb5+ 55. Ke6 Rb6+ 56. Ke5 Rb5+ 57. Kd4 Rb4+ 58. Ke3 Rb3+ 59. Kf2 Rb2+ 60. Kg3 Rxh2 61. Kxh2 Kg5 62. Kg1 Kf4 63. Kf2 Kf5 64. Kg3 Kg5 65. Kh2 Kf4 66. Kg2 Kf5 67. Kg3 Kg5 68. f4+ Kf5 69. Kf3 Kf6 70. Ke4 Ke6 71. f5+ Kf6 72. Kf4 Kf7 73. Kg5 Kg7 74. f6+ Kf7 75. Kf5 Kf8 76. Ke6 Ke8 77. Ke5 Kf7 78. Kf5 Kf8 79. Kg6 Kg8 80. Kh6 Kf7 81. Kg5 Kf8 82. Kg6 Kg8 83. f7+ Kf8 84. Kf6 1/2-1/2


[Site "https://www.chess.com"]

[Event "Titled Tuesday Blitz February 28 Early 2023"]
[White "Bews, Steven"]
[Black "Csonka, Balazs"]
[WhiteFideId "2400529"]
[BlackFideId "742910"]
[WhiteElo "2597"]
[BlackElo "2404"]
[Result "1-0"]
[Round "11"]
[TimeControl "180+2"]
[Date "2023.02.28"]
[WhiteClock "0:00:06"]
[BlackClock "0:00:03"]

1. e4 e5 2. Nf3 Nc6 3. Bb5 a6 4. Ba4 Nge7 5. O-O g6 6. d4 exd4 7. c3 b5 8. Bb3 Bg7 9. cxd4 O-O 10. d5 Na5 11. Nc3 d6 12. h3 Nxb3 13. axb3 Bb7 14. Bg5 h6 15. Be3 Kh7 16. Bd4 f6 17. Be3 f5 18. Nd4 Bxd4 19. Bxd4 fxe4 20. Be3 Nf5 21. Qd2 Qe7 22. Rad1 Rae8 23. Rfe1 Qf7 24. b4 g5 25. Qe2 Qg6 26. Bc1 Re5 27. Nxe4 Bxd5 28. f3 Bxe4 29. fxe4 Nh4 30. Qc2 Rf7 31. Rf1 Rfe7 32. Rde1 Qe6 33. Re3 Ng6 34. Ref3 Kg7 35. b3 Kh7 36. Bb2 Rxe4 37. Rf6 Qd5 38. Qf2 Rg7 39. Rf5 Re5 40. Bxe5 Nxe5 41. Kh2 Qe4 42. Qg3 g4 43. h4 Qxb4 44. R5f4 Qd2 45. h5 Qd3 46. R1f2 Qxg3+ 47. Kxg3 c5 48. Rf6 c4 49. bxc4 Nxc4 50. Re6 Rg5 51. Rf7+ Rg7 52. Rff6 Rg5 53. Rxh6+ Kg7 54. Rhg6+ Rxg6 55. Rxg6+ Kh7 56. Kxg4 b4 57. Kg5 b3 58. Re6 b2 59. Re7+ Kg8 60. Rb7 a5 61. Kg6 Ne5+ 62. Kf6 Nc4 63. g4 a4 64. g5 a3 65. g6 a2 66. Rb8# 1-0


[Site "https://www.chess.com"]

[Event "Titled Tuesday Blitz February 28 Early 2023"]
[White "Averjanov, Alexey"]
[Black "Souleidis, Georgios"]
[WhiteFideId "14109867"]
[BlackFideId "4206827"]
[WhiteElo "2665"]
[BlackElo "2401"]
[Result "0-1"]
[Round "11"]
[TimeControl "180+2"]
[Date "2023.02.28"]
[WhiteClock "0:00:39"]
[BlackClock "0:00:20"]

1. d4 Nf6 2. c4 g6 3. Nc3 Bg7 4. e4 d6 5. Be2 O-O 6. Nf3 e5 7. O-O Bg4 8. d5 a5 9. Ne1 Bd7 10. Be3 h5 11. c5 Ng4 12. Bd2 dxc5 13. f3 Nf6 14. Be3 b6 15. Nd3 Ne8 16. a3 Nd6 17. b4 Nc4 18. Bf2 axb4 19. axb4 Rxa1 20. Qxa1 cxb4 21. Nxb4 Nd2 22. Rd1 Nb3 23. Qa7 Nd4 24. Bxd4 exd4 25. Nb5 Bxb5 26. Bxb5 Qd6 27. Nd3 Nd7 28. Bxd7 Qxd7 29. Rc1 Rc8 30. Rc6 Qd8 31. Qb7 Ra8 32. g3 Ra1+ 33. Kg2 Ra2+ 34. Nf2 Qg5 35. f4 Qg4 36. Rc1 Qe2 37. Rf1 Qxe4+ 38. Kg1 Qf3 39. Qxc7 Qxd5 40. Qxb6 d3 41. Qb1 Bd4 42. Qd1 Be3 43. Qe1 Qf3 0-1


[Site "https://www.chess.com"]

[Event "Titled Tuesday Blitz February 28 Early 2023"]
[White "Ordekalog"]
[Black "Srihari L R"]
[BlackFideId "46617116"]
[WhiteElo "2580"]
[BlackElo "2334"]
[Result "1-0"]
[Round "11"]
[TimeControl "180+2"]
[Date "2023.02.28"]
[WhiteClock "0:00:12"]
[BlackClock "0:00:01"]

1. e4 c5 2. d3 Nc6 3. g3 g6 4. Bg2 Bg7 5. f4 d6 6. Nf3 h5 7. O-O Bg4 8. h3 Bd7 9. c3 Qc8 10. Kh2 Nf6 11. Ng5 h4 12. g4 Nh7 13. Nxh7 Rxh7 14. Nd2 Qc7 15. Nf3 Rh8 16. Be3 O-O-O 17. d4 cxd4 18. cxd4 Kb8 19. d5 Nb4 20. Rc1 Qa5 21. a3 Na6 22. Nd4 Rc8 23. Qe2 Qa4 24. Qd2 Nc5 25. Qc2 Qxc2 26. Rxc2 Na4 27. Rfc1 Nxb2 28. Nc6+ bxc6 29. dxc6 Rxc6 30. Rxc6 Bxc6 31. Rxc6 Rc8 32. Bxa7+ Kb7 33. Rxc8 Kxc8 34. Bf2 Nd3 35. Bxh4 Nxf4 36. Bxe7 Be5 37. Kh1 f6 38. h4 Ne6 39. g5 fxg5 40. Bh3 Kd7 41. Bxg5 Bc3 42. a4 Ba5 43. Kg2 Bc3 44. Kf3 Ba5 45. Ke2 Bb6 46. Kd3 Bd8 47. Bxd8 Kxd8 48. Bxe6 1-0


[Site "https://www.chess.com"]

[Event "Titled Tuesday Blitz February 28 Early 2023"]
[White "Dehtiarov, Roman"]
[Black "Garakov, Mikhael"]
[WhiteFideId "14186640"]
[BlackFideId "4169034"]
[WhiteElo "2162"]
[BlackElo "2347"]
[Result "0-1"]
[Round "11"]
[TimeControl "180+2"]
[Date "2023.02.28"]
[WhiteClock "0:00:09"]
[BlackClock "0:00:09"]

1. e4 c5 2. Nc3 a6 3. f4 b5 4. Nf3 b4 5. Ne2 Bb7 6. d3 g6 7. g3 Bg7 8. Bg2 d6 9. O-O Nf6 10. h3 O-O 11. Be3 Nc6 12. g4 Ne8 13. Rb1 a5 14. Ng3 Nc7 15. Qd2 a4 16. f5 a3 17. b3 Nb5 18. Bh6 Nc3 19. Bxg7 Kxg7 20. Ra1 Ne5 21. Rf2 f6 22. fxg6 hxg6 23. g5 Nxf3+ 24. Rxf3 d5 25. gxf6+ exf6 26. exd5 Bxd5 27. Rf2 f5 28. Re1 Qh4 29. Bxd5 Nxd5 30. Rg2 Kh7 31. Nf1 Rae8 32. Rxe8 Rxe8 33. Re2 Qd4+ 34. Kh1 Rxe2 35. Qxe2 Qf6 36. Qf3 Nc3 37. Ne3 Nxa2 38. Qb7+ Qg7 39. Qc6 Nc3 40. Qa6 a2 41. Nc4 Na4 42. Qxa4 a1=Q+ 43. Qxa1 Qxa1+ 44. Kg2 Qc3 45. Ne3 Qd2+ 46. Kf3 g5 47. Nxf5 Qf4+ 48. Ke2 Qxf5 49. Kd2 Qxh3 50. d4 Qg2+ 51. Kd3 Qd5 52. c3 bxc3 53. Kxc3 Qxd4+ 54. Kc2 g4 55. b4 cxb4 56. Kb3 g3 57. Ka4 g2 58. Kb5 g1=Q 59. Ka4 b3+ 60. Kxb3 Qge3+ 61. Kc2 Qdd2+ 62. Kb1 Qee1# 0-1


[Site "https://www.chess.com"]

[Event "Titled Tuesday Blitz February 28 Early 2023"]
[White "Reprintsev, Alexander"]
[Black "Sadubayev, Airat"]
[WhiteFideId "14100541"]
[BlackFideId "13713264"]
[WhiteElo "2250"]
[BlackElo "2101"]
[Result "0-1"]
[Round "11"]
[TimeControl "180+2"]
[Date "2023.02.28"]
[WhiteClock "0:01:59"]
[BlackClock "0:01:37"]

1. e4 c6 2. Nc3 d5 3. Nf3 dxe4 4. Nxe4 Nf6 5. Qe2 Nxe4 6. Qxe4 Be6 7. Be2 Nd7 8. O-O Nf6 9. Qh4 Bg4 10. Re1 e6 11. h3 Bh5 12. d4 Be7 13. Bg5 Bg6 14. Ne5 O-O 15. c3 Nd5 16. Bxe7 Qxe7 17. Nxg6 hxg6 18. Qg3 Qc7 19. Qxc7 Nxc7 20. g3 a5 21. f4 a4 22. a3 Rfd8 23. Bc4 Ra5 24. Kf2 c5 25. dxc5 Rxc5 26. Ba2 Kf8 27. Rad1 Rxd1 28. Rxd1 Ke7 29. Ke3 Nb5 30. h4 Nd6 31. Kf2 Rb5 32. Rd2 Ne4+ 0-1


[Site "https://www.chess.com"]

[Event "Titled Tuesday Blitz February 28 Early 2023"]
[White "Ezat, Mohamed"]
[Black "Weetik, Vjacheslav"]
[WhiteFideId "10600906"]
[BlackFideId "4153472"]
[WhiteElo "2388"]
[BlackElo "2469"]
[Result "1/2-1/2"]
[Round "11"]
[TimeControl "180+2"]
[Date "2023.02.28"]
[WhiteClock "0:00:17"]
[BlackClock "0:00:05"]

1. e4 c6 2. d4 d5 3. e5 Bf5 4. Nc3 e6 5. g4 Bg6 6. Nge2 c5 7. h4 h5 8. Nf4 Bh7 9. Be3 Nc6 10. Bb5 Qc7 11. Qd2 O-O-O 12. O-O-O Nh6 13. Bxc6 Qxc6 14. dxc5 d4 15. Bxd4 Bxc5 16. Nfe2 Nxg4 17. Qf4 f6 18. Bxc5 Qxc5 19. exf6 gxf6 20. f3 e5 21. Qa4 Ne3 22. Rxd8+ Rxd8 23. Ne4 Bxe4 24. fxe4 Nc4 25. Qb3 Kb8 26. a3 a6 27. Qc3 b5 28. Kb1 Rc8 29. Ka2 Qb6 30. Qb4 Qe6 31. Qb3 Qb6 32. Nc3 Nd2 33. Qf7 Qc6 34. Rd1 Nxe4 35. Rd7 Nxc3+ 36. bxc3 Qc4+ 37. Qxc4 Rxc4 38. Rd6 f5 39. Re6 e4 40. Re5 Rxc3 41. Rxf5 Rxc2+ 42. Kb3 Rh2 43. Rxh5 e3 44. Kb4 e2 45. Re5 Kc7 46. Ka5 Rxh4 47. Kxa6 Kc6 48. Re6+ Kd5 49. Rxe2 Ra4+ 50. Kxb5 Rxa3 51. Rd2+ Ke4 52. Rc2 Rd3 53. Rc4+ Rd4 54. Rxd4+ Kxd4 1/2-1/2


[Site "https://www.chess.com"]